 Dungeon Crawl Stone Soup version 0.30-a0-54-g2e61a25929 (webtiles) character file.

Game seed: 7396259971041756252

47 LnG the Trooper (level 3, -10/33 HPs)
             Began as a Hill Orc Fighter on Sept 7, 2022.
             Mangled by a wyvern (11 damage)
             ... on level 4 of the Dungeon.
             The game lasted 00:02:06 (1162 turns).

LnG the Trooper (Hill Orc Fighter)                  Turns: 1162, Time: 00:02:07

Health: -10/33     AC:  7    Str: 20    XL:     3   Next: 70%
Magic:  3/3        EV:  9    Int:  8    God:
Gold:   45         SH:  4    Dex: 10    Spells: 2/2 levels left

rFire   . . .      SeeInvis .    a - +0 war axe
rCold   . . .      Faith    .    c - +0 buckler
rNeg    . . .      Spirit   .    b - +0 scale mail
rPois   .          Reflect  .    (no helmet)
rElec   .          Harm     .    (no cloak)
rCorr   .          Rampage  .    (no gloves)
Will    .....                    (no boots)
Stlth   ..........               (no amulet)
HPRegen 0.11/turn                (no ring)
MPRegen 0.08/turn                (no ring)

@: no status effects
A: no striking features
a: no special abilities


You were on level 4 of the Dungeon.
You visited 1 branch of the dungeon, and saw 3 of its levels.

You collected 45 gold pieces.

Inventory:

Hand Weapons
 a - a +0 war axe (weapon)
Armour
 b - a +0 scale mail (worn)
 c - a +0 buckler (worn)
Scrolls
 e - a scroll of teleportation {unknown}
 g - a scroll of identify {unknown}
 i - a scroll of enchant armour {unknown}
Potions
 d - 2 potions of might
 f - a potion of heal wounds {unknown}
 h - a potion of degeneration {unknown}


   Skills:
 + Level 4.1 Fighting
 + Level 3.3 Axes
 + Level 4.0 Armour
 + Level 0.1 Dodging
 + Level 3.6 Shields


You had 2 spell levels left.
You didn't know any spells.
Your spell library contained the following spells:

 Spells                   Type           Power      Damage    Failure   Level
 Sublimation of Blood     Necr           0%         N/A       94%         2
 Wereblood                Tmut           0%         N/A       94%         2
 Summon Hydra             Summ           0%         N/A       100%        7


Dungeon Overview and Level Annotations

Branches:
Dungeon (4/15)
 Temple: D:4-7

Altars:
Trog


Message History

You open the door.
Found a club.
There is an open door here.
You now have 45 gold pieces (gained 9).
Found a bloodstained altar of Trog.
A sourceless malevolence fills the Dungeon...
You fall into a shaft and drop 2 floors!
The shaft crumbles and collapses.
Found 8 stones.
Found a stone staircase leading down.
A goblin comes into view. It is wielding a +0 dagger.
The goblin shouts!
Found a fizzy silvery potion.
An adder comes into view.
The adder hisses angrily.
You slash the adder!
You kill the adder!
Found a stone staircase leading up.
The goblin hits you but does no damage.
You see here an adder corpse.
You closely miss the goblin. The goblin barely misses you.
You slash the goblin!
You kill the goblin!
A wyvern comes into view.
The wyvern hisses angrily.
You hit the wyvern.
The wyvern is lightly wounded.
The wyvern bites you. The wyvern bites you!
You closely miss the wyvern.
The wyvern is lightly wounded.
You block the wyvern's attack. The wyvern closely misses you.
You hit the wyvern.
The wyvern is lightly wounded.
The wyvern barely misses you.
The wyvern bites you but does no damage.
You slash the wyvern!
The wyvern is heavily wounded.
The wyvern bites you!
Ouch! That really hurt!
* * * LOW HITPOINT WARNING * * *
The wyvern bites you!
You die...

##..... .......
.##+####.....##
.........<.....
.............#
....!........#
.#.......###.#
........####+##
........l@....#
.......†......#
........)......#
#+#...##.......#
#... #........#
..... #........#
................#
....#..........>(.
.... .........####


You could see a wyvern.

Vanquished Creatures
  An adder (D:4)
  2 ball pythons (D:1)
  3 endoplasms (D:1)
  2 giant cockroaches (D:1)
  7 goblins
  5 hobgoblins (D:1)
  2 jackals (D:1)
  A quokka (D:2)
  3 bats (D:1)
  4 kobolds
  4 rats (D:1)
34 creatures vanquished.

Notes
Turn   | Place    | Note
-------+----------+-------------------------------------------
     0 | D:1      | LnG the Hill Orc Fighter began the quest for the Orb.
     0 | D:1      | Reached XP level 1. HP: 19/19 MP: 1/1
    51 | D:1      | Reached XP level 2. HP: 8/27 MP: 2/2
   565 | D:1      | Reached XP level 3. HP: 33/33 MP: 3/3
  1139 | D:2      | Found a bloodstained altar of Trog.
  1141 | D:2      | You fall into a shaft and drop 2 floors!
  1153 | D:4      | Noticed a wyvern
  1162 | D:4      | HP: 1/33 [wyvern (17)]
  1162 | D:4      | Mangled by a wyvern

Illustrated notes

Levels and vault maps discovered:
D:1:      lemuel_arrival_broad_hall, layout_basic, minmay_vboxes
D:2:      minmay_general_purpose_star, layout_rooms, basic_altar,
          dreamdust_ecumenical_altar_grove, grunt_decor_clamped
D:4:      layout_basic, minmay_temple_entry_wispy, serial_shops,
          nicolae_shop_bloodbath_and_beyond, shop, kennysheep_mini,
          nicolae_square_shop

Skill      XL: |  1  2  3 |
---------------+----------+-----
Axes           | 3 |  3.3
Fighting       | 4 |  4.1
Armour         | 4 |  4.0
Dodging        | |  0.1
Shields        | |  3.6

Action                   || total
-------------------------++-------
Melee: War axe           ||    80
Armor: Scale mail        ||    44
Dodge: Dodged            ||    45
Block: Buckler           ||    19

Table legend: (Time is in decaauts)
 A = Elapsed time spent in this place.
 B = Non-inter-level travel time spent in this place.
 C = Inter-level travel time spent in this place.
 D = Time resting spent in this place.
 E = Time spent auto-exploring this place.
 F = Levels seen in this place.
 G = Mean time per level.
                   A        B        C        D        E       F      G
               +--------+--------+--------+--------+--------+-----+--------+
         Total |   1192 |   1133 |     59 |    171 |    688 |   3 |  397.3 |
       Dungeon |   1192 |   1133 |     59 |    171 |    688 |   3 |  397.3 |
               +--------+--------+--------+--------+--------+-----+--------+

Top non-repeatable levels by time:
     D:1: 997 daAuts
     D:2: 172 daAuts
     D:4: 22 daAuts
